Map: Ulrena

Players

JeSuisCharli - Winner!

  • Race: Protoss Protoss
  • League: Grandmaster

Miszu

  • Race: Terran Terran
  • League: Master

VOD

Have the link to the VOD?

Description

Time

  • Played on: May 3, 2016, 12:13 p.m.
  • Length: 4:16
Show
View Real Time Build Order
Export as new Build Order

JeSuisCharli Protoss - Winner!

Build Orders: Oracle Opening 

Get SALT Encoding   

  12  0:01  Probe (Chrono Boost)  
  13  0:12  Probe (Chrono Boost)  
  14  0:18  Pylon  
  14  0:22  Probe (Chrono Boost)  
  15  0:36  Probe (Chrono Boost)  
  15  0:38  Gateway  
  16  0:44  Assimilator  
  16  0:49  Probe (Chrono Boost)  
  17  0:58  Assimilator  
  17  1:00  Probe (Chrono Boost)  
  18  1:10  Probe (Chrono Boost)  
  19  1:21  Probe (Chrono Boost)  
  22  1:25  Zealot (Chrono Boost)  
  22  1:28  Cybernetics Core  
  22  1:33  Pylon  
  22  1:39  Probe  
  23  1:52  Probe (Chrono Boost)  
  24  2:05  Mothership Core (Chrono Boost)  
  24  2:06  Adept  
  28  2:11  Stargate  
  28  2:24  Pylon  
  28  2:32  Pylon  
  28  2:33  Adept  
  28  2:36  Probe (Chrono Boost)  
  30  3:05  Oracle (Chrono Boost)  
  33  3:20  Nexus  
  33  3:25  Pylon  
  33  3:43  Fleet Beacon  
  33  3:46  Probe (Chrono Boost)  
Show
View Real Time Build Order
Export as new Build Order

Miszu Terran 

Build Orders: Command Center First (CC) 

Get SALT Encoding   

  12  0:00  SCV  
  13  0:13  SCV  
  14  0:17  Supply Depot  
  14  0:25  SCV  
  15  0:39  SCV  
  16  0:51  SCV  
  17  1:02  Command Center  
  17  1:03  SCV  
  18  1:15  SCV  
  19  1:21  Barracks  
  19  1:27  SCV  
  20  1:33  Barracks  
  20  1:43  SCV  
  21  1:48  Barracks  
  21  1:56  SCV  
  22  2:09  Marine  
  22  2:12  Bunker  
  22  2:13  Orbital Command  
  23  2:20  Marine  
  24  2:25  Supply Depot  
  24  2:27  Marine  
  24  2:35  Marine  
  25  2:38  Marine  
  24  3:03  Marine  
  24  3:04  Marine x2  
  24  3:08  SCV  
  25  3:21  Marine  
  25  3:22  Marine x2  
  25  3:23  Barracks  
  28  3:30  Barracks  
  28  3:36  SCV  
  28  3:39  Marine  
  28  3:40  Marine x2  
  32  3:47  Orbital Command  
  32  3:51  SCV  
  31  3:57  Marine  
  31  3:58  Marine  
Tags
 
Add a new tag
Caveats
  • Supply blocks, unpowered buildings, or Contaminate may cause inaccurate times.
  • Supply counts are checked every 10 seconds.